 Dungeon Crawl Stone Soup version 0.26.1-2-gb8aa6d0cf2 (webtiles) character file.

Game seed: 16021345825910655395

3945 Allula97 the Grappler (level 10, -6/80 (81) HPs)
             Began as a Purple Draconian Transmuter on Feb 26, 2021.
             Was a Believer of Qazlal.
             Mangled by a hornet (9 damage)
             ... while paralysed by a hornet
             ... on level 8 of the Dungeon.
             The game lasted 00:20:48 (6388 turns).

Allula97 the Grappler (Purple Draconian Transmuter) Turns: 6388, Time: 00:20:48

HP:   -6/80 (81)    AC: 10    Str: 20    XL:     10   Next: 2%
MP:   17/18         EV:  2    Int: 16    God:    Qazlal [**....]
Gold: 532           SH:  0    Dex: 11    Spells: 16/19 levels left

rFire    . . .     SeeInvis .     - Unarmed
rCold    . . .     Faith    +   (no shield)
rNeg     . . .     Spirit   .   (armour unavailable)
rPois    .         Reflect  .   (helmet currently unavailable)
rElec    .         Harm     .   u - +2 cloak {rCorr}
rCorr    +         Rampage  .   (no gloves)
Will     ++...                  (boots currently unavailable)
Stlth    ++........             c - amulet of faith
HPRegen  0.23/turn              e - +6 ring of strength
MPRegen  0.16/turn              p - +4 ring of slaying

@: paralysed, lethally poisoned (-6 -> -10), short of breath, appendages,
lightly drained
A: breathe power, unfitting armour, horns 2, talons 1, strong-willed 1,
cold-blooded, MP-powered wands, AC +7
a: Breathe Dispelling Energy, End Transformation, Renounce Religion, Upheaval


You were on level 8 of the Dungeon.
You worshipped Qazlal.
Qazlal was pleased with you.
You had grown temporary horns.
You visited 2 branches of the dungeon, and saw 9 of its levels.

You collected 532 gold pieces.

Inventory:

Hand Weapons
 b - a +3 dagger
 v - the +6 long sword of Corporal Punishment {protect, Int+6}
   (You found it on level 6 of the Dungeon)

   It grants its wielder temporary protection when it strikes (+7 to AC).
   It affects your intelligence (+6).
Missiles
 d - a throwing net
 C - 12 curare-tipped darts (quivered)
Armour
 h - a +4 scale mail of fire resistance
 q - a cursed +0 ring mail
 s - a +0 ring mail of fire resistance
 u - a +2 cloak of preservation (worn)
 A - the +1 leather armour of Elyvilon's Delight {*Contam Int+7, unknown}
   (You found it on level 6 of the Dungeon)

   It affects your intelligence (+7).
   It causes magical contamination when unequipped.
Magical Staves
 w - an uncursed staff of death
Jewellery
 c - an amulet of faith (around neck)
 e - a +6 ring of strength (left hand)
 p - a +4 ring of slaying (right hand)
 t - an uncursed ring of see invisible
 D - an uncursed amulet of the acrobat {unknown}
Wands
 a - a wand of paralysis (4)
 B - a wand of iceblast (16)
 E - a wand of disintegration (11)
Scrolls
 f - a scroll of enchant armour
 i - 6 scrolls of remove curse
 l - a scroll of fog
 n - a scroll of enchant weapon
 r - 4 scrolls of magic mapping
 x - a scroll of noise
 y - a scroll of vulnerability {unknown}
Potions
 g - 3 potions of ambrosia
 j - 2 potions of flight {unknown}
 k - 2 potions of attraction {unknown}
 m - 4 potions of curing
 o - a potion of lignification {unknown}
 z - a potion of berserk rage {unknown}


   Skills:
 * Level 5.1 Fighting
 * Level 5.6 Dodging
 - Level 3.3 Stealth
 + Level 0.2 Shields
 * Level 10.0 Unarmed Combat
 * Level 5.4 Spellcasting
 * Level 4.9 Transmutations
 * Level 2.4 Invocations
 + Level 0.1 Evocations


You had 16 spell levels left.
You knew the following spells:

 Your Spells              Type           Power        Failure   Level
a - Beastly Appendage     Tmut           40%          1%          1
b - Wereblood             Tmut           20%          3%          2

Your spell library contained the following spells:

 Spells                   Type           Power        Failure   Level
 Spider Form              Tmut/Pois      6%           16%         3
 Ice Form                 Ice/Tmut       12%          47%         4
 Blade Hands              Tmut           10%          47%         5


Dungeon Overview and Level Annotations

Branches:
Dungeon (8/15)             Temple (1/1) D:5
   Lair: D:8-11

Altars:
Ashenzari
Cheibriados
Dithmenos
Elyvilon
Fedhas
Gozag
Hepliaklqana
Kikubaaqudgha
Makhleb
Nemelex Xobeh
Okawaru
Qazlal
Ru
Sif Muna
Trog
Vehumet
Wu Jian
Yredelemnul
Zin
The Shining One


Innate Abilities, Weirdness & Mutations

You can breathe bolts of dispelling energy.
Your rich purple scales are hard. (AC +7)
You cannot fit into any form of body armour.
You are cold-blooded and may be slowed by cold attacks.
You have a pair of horns on your head.
You have sharp toenails.
You are strong-willed. (Will+)
You expend magic power (3 MP) to strengthen your wands.


Message History

The wight hits you with a cursed +0 spear!
* * * LOW HITPOINT WARNING * * *
You feel drained.
* * * LOW HITPOINT WARNING * * *
You barely miss the wight. You claw the wight, but do no damage.
The wight is severely damaged.
The wight misses you.
You punch the wight!
You destroy the wight!
Qazlal accepts your kill. The hornet stings you!
* * * LOW HITPOINT WARNING * * *
You are lethally poisoned!
You suddenly lose the ability to move!
Your Unarmed Combat skill increases to level 10!
* * * LOW HITPOINT WARNING * * *
You feel sick.
The hornet stings you but does no damage.
The hornet stings you!
You die...

.# #########†# .... .#
........)[#..... .######
##.............# .†....#
#......)......#
..###.########.............#
#.#.#.#..............#.....#
#.#.....)....######..#.....#
#.#.#.#.####.#....#..#.#'###
#.....#....#...)@y...#.#.#
###......#.#.#.#.○.#...# #
######.#.#.#.....#####
#.#.#.###)#......
#.#.#.....#.#....
####.#.#...>.#.#.###
.....#.........# #
#..........#.####
#.##########.#


You could see a hornet.

Vanquished Creatures
  Pikel (D:7)
  Maurice (D:8)
  Grinder (D:4)
  Sigmund (D:4)
  A wyvern (D:8)
  Menkaure (D:4)
  Edmund (D:4)
  An orc warrior (D:8)
  5 ice beasts
  A sky beast (D:5)
  2 phantoms
  A necrophage (D:8)
  2 centaurs
  3 ogres
  2 lemures (D:7)
  2 bullfrogs
  3 scorpions
  2 wights (D:8)
  A bullfrog zombie (D:5)
  Crazy Yiuf (D:4)
  2 centaur skeletons
  A jelly (D:5)
  3 orc wizards
  A bullfrog skeleton (D:8)
  2 orc priests
  3 hounds
  4 worker ants
  3 gnolls (D:6)
  12 adders
  A shadow imp (D:8)
  4 white imps
  4 ufetubi
  An ooze (D:1)
  2 adder skeletons
  An adder zombie (D:8)
  5 worms
  2 dart slugs
  6 leopard geckos
  19 orcs
  4 giant cockroaches
  12 goblins
  4 hobgoblins
  4 jackals
  4 kobolds
  2 ball pythons
  A ball python skeleton (D:5)
  A ball python zombie (D:5)
  6 bats
  4 frilled lizards
  A jackal skeleton (D:3)
  A leopard gecko skeleton (D:5)
  2 quokka zombies
  8 rats
163 creatures vanquished.

Vanquished Creatures (others)
  29 plants (D:2)
29 creatures vanquished.

Grand Total: 192 creatures vanquished

Notes
Turn   | Place    | Note
-------+----------+-------------------------------------------
     0 | D:1      | Allula97 the Draconian Transmuter began the quest for the
                  | Orb.
     0 | D:1      | Reached XP level 1. HP: 16/16 MP: 3/3
   219 | D:1      | Reached XP level 2. HP: 12/24 MP: 5/5
   497 | D:1      | Learned a level 2 spell: Wereblood
   906 | D:2      | Reached XP level 3. HP: 25/29 MP: 4/6
  1578 | D:2      | Reached XP level 4. HP: 36/36 MP: 5/7
  2480 | D:3      | Reached skill level 4 in Unarmed Combat
  2487 | D:3      | Reached XP level 5. HP: 35/42 MP: 6/8
  2784 | D:3      | Found a glowing silver altar of Zin.
  2784 | D:3      | Noticed an angel
  2961 | D:4      | Reached XP level 6. HP: 13/50 MP: 7/9
  2965 | D:4      | Noticed Sigmund
  2974 | D:4      | Killed Sigmund
  2975 | D:4      | Reached skill level 1 in Stealth
  2975 | D:4      | Reached skill level 5 in Unarmed Combat
  3090 | D:4      | Found an ornate altar of the Wu Jian Council.
  3144 | D:4      | Noticed Menkaure
  3150 | D:4      | Killed Menkaure
  3151 | D:4      | Your scales start taking on a rich purple colour.
  3151 | D:4      | Reached XP level 7. HP: 38/57 MP: 8/12
  3159 | D:4      | Reached skill level 6 in Unarmed Combat
  3173 | D:4      | Noticed Grinder
  3175 | D:4      | Found a shadowy altar of Dithmenos.
  3183 | D:4      | Noticed Edmund
  3498 | D:4      | Killed Edmund
  3553 | D:4      | Killed Grinder
  3569 | D:4      | Gained mutation: You are dopey. (Int -2) [potion of
                  | mutation]
  3569 | D:4      | Gained mutation: You are frail. (-10% HP) [potion of
                  | mutation]
  3569 | D:4      | Gained mutation: You are strong-willed. (Will+) [potion of
                  | mutation]
  3570 | D:4      | Lost mutation: You are dopey. (Int -2) [potion of mutation]
  3570 | D:4      | Lost mutation: You are frail. (-10% HP) [potion of
                  | mutation]
  3570 | D:4      | Gained mutation: You tend to lose your temper in combat.
                  | [potion of mutation]
  3570 | D:4      | Gained mutation: You are highly strong-willed. (Will++)
                  | [potion of mutation]
  3571 | D:4      | Lost mutation: You tend to lose your temper in combat.
                  | [potion of mutation]
  3571 | D:4      | Lost mutation: You are highly strong-willed. (Will++)
                  | [potion of mutation]
  3571 | D:4      | Gained mutation: You expend magic power (3 MP) to
                  | strengthen your wands. [potion of mutation]
  3571 | D:4      | Gained mutation: You have sharp toenails. [potion of
                  | mutation]
  3604 | D:4      | Found a sparkling altar of Nemelex Xobeh.
  3644 | D:4      | Found a runed translucent door.
  3645 | D:4      | Noticed Crazy Yiuf
  3653 | D:4      | Killed Crazy Yiuf
  3654 | D:4      | Reached XP level 8. HP: 64/64 MP: 11/13
  3784 | D:5      | Entered Level 5 of the Dungeon
  4013 | D:5      | Reached skill level 7 in Unarmed Combat
  4467 | D:5      | Found a staircase to the Ecumenical Temple.
  4472 | Temple   | Entered the Ecumenical Temple
  4649 | Temple   | Became a worshipper of Qazlal Stormbringer
  4740 | D:6      | Got a blackened long sword
  4747 | D:6      | Identified the +6 long sword of Corporal Punishment
                  | {protect, Int+6} (You found it on level 6 of the Dungeon)
  4888 | D:6      | Reached skill level 8 in Unarmed Combat
  5079 | D:6      | Got a distressingly furry leather armour
  5093 | D:6      | Reached XP level 9. HP: 72/72 MP: 16/16
  5149 | D:6      | Reached skill level 1 in Invocations
  5339 | D:6      | Reached * piety under Qazlal
  5545 | D:7      | Noticed Pikel
  5568 | D:7      | Killed Pikel
  5569 | D:7      | Reached skill level 5 in Spellcasting
  5586 | D:7      | Reached skill level 5 in Dodging
  5586 | D:7      | Reached skill level 9 in Unarmed Combat
  6035 | D:8      | Reached skill level 5 in Fighting
  6284 | D:8      | Noticed Maurice
  6289 | D:8      | Reached ** piety under Qazlal
  6310 | D:8      | Killed Maurice
  6365 | D:8      | Reached XP level 10. HP: 21/81 MP: 18/18
  6387 | D:8      | Paralysed by a hornet for 3 turns
  6388 | D:8      | Reached skill level 10 in Unarmed Combat
  6388 | D:8      | HP: 3/80 [poisoned by a hornet]
  6388 | D:8      | Mangled by a hornet

Illustrated notes

Levels and vault maps discovered:
D:1:      minmay_arrival_stair_chambers, layout_basic
D:2:      layout_loops_corners, serial_bayou, serial_bayou_lagoon_a,
          serial_bayou_pond_b, serial_bayou_pond_a, serial_bayou_pond_c,
          hangedman_glass_teeth, minmay_puff
D:3:      layout_rooms, zin_angel
D:4:      layout_cave_pools, lemuel_crystal_altar, lemuel_round_altar,
          kennysheep_mini_moat, uniq_crazy_yiuf_cottage, uniq_sigmund,
          uniq_edmund, uniq_grinder, uniq_menkaure
D:5:      layout_rooms, temple_statues
D:6:      layout_cave_pods
D:7:      layout_basic, uniq_pikel
D:8:      layout_basic, uniq_maurice, uniq_maggie, uniq_joseph
Temple:   regret_index_temple_sphere_string

Skill      XL: |  1  2  3  4  5  6  7  8  9 10 |
---------------+-------------------------------+-----
Fighting       | 2 3 4 5 |  5.1
Dodging        | 2 3 4 5 |  5.6
Unarmed Combat | 4 5 6 8 9 10 | 10.0
Stealth        | 1 2 3 |  3.3
Transmutations | 3 4 |  4.9
Spellcasting   | 3 4 5 |  5.4
Invocations    | 2 |  2.4
Shields        | |  0.2
Evocations     | |  0.1

Action                   |  1- 3 |  4- 6 |  7- 9 | 10-12 || total
-------------------------+-------+-------+-------+-------++-------
Melee: Unarmed           |   116 |    86 |   252 |     2 ||   456
       Kick              |     8 |    14 |    67 |     1 ||    90
       Tailslap          |    11 |    12 |    33 |       ||    56
       Headbutt          |     3 |     6 |    12 |       ||    21
       Punch             |     2 |       |     8 |       ||    10
 Cast: Beastly Appendage |     7 |     6 |     8 |     1 ||    22
       Wereblood         |       |     1 |     2 |       ||     3
 Abil: Breathe Dispellin |       |       |     5 |     1 ||     6
Evoke: Wand              |       |       |     2 |       ||     2
  Use: Scroll            |       |     8 |     6 |       ||    14
       Potion            |       |     1 |     3 |       ||     4
 Stab: Sleeping          |     2 |     1 |     3 |       ||     6
       Paralysed         |       |       |     4 |       ||     4
Armor: Skin              |    26 |    16 |    64 |     1 ||   107
Dodge: Dodged            |    71 |    41 |   143 |     2 ||   257
Block: Other             |       |       |     4 |       ||     4
